 Dungeon Crawl Stone Soup version 0.31-a0-700-gf13585253f (webtiles) character file.

Game seed: 14757695110005987459

70 qw the Shooter (level 4, -5/27 HPs)
             Began as a Gargoyle Hunter on Sept 7, 2023.
             Slain by an iguana (8 damage)
             ... on level 3 of the Dungeon.
             The game lasted 00:00:33 (1681 turns).

qw the Shooter (Gargoyle Hunter)                    Turns: 1681, Time: 00:00:34

Health: -5/27      AC: 10    Str: 14    XL:     4   Next: 22%
Magic:  4/4        EV: 10    Int: 10    God:
Gold:   45         SH:  0    Dex: 15    Spells: 3/3 levels left

rFire   . . .        Y - +0 shortbow
rCold   . . .        (shield currently unavailable)
rNeg    + . .        g - +0 ring mail
rPois   inf          f - +1 helmet
rElec   +            (no cloak)
rCorr   .            (no gloves)
SInv    .            (no boots)
Will    .....        (no amulet)
Stlth   +            (no ring)
HPRegen 0.24/turn    (no ring)
MPRegen 0.09/turn

%: no passive effects
@: no status effects
A: sickness immunity, AC +3, negative energy resistance 1, electricity
resistance, torment resistance 1, petrification resistance
a: no special abilities


You were on level 3 of the Dungeon.
You visited 1 branch of the dungeon, and saw 3 of its levels.

You collected 68 gold pieces.
You spent 23 gold pieces at shops.


Innate Abilities, Weirdness & Mutations

You are immune to sickness and miasma.
Your stone body is resilient. (AC +3)
You are immune to poison.
You resist negative energy. (rN+)
You are resistant to electric shocks. (rElec)
You are resistant to unholy torment.
You are immune to petrification.


   Skills:
 + Level 2.4 Fighting
 - Level 5.3 Ranged Weapons
 - Level 1.0 Armour
 - Level 1.5 Dodging
 - Level 1.1 Stealth


You had 3 spell levels left.
You didn't know any spells.
Your spell library was empty.

Inventory:

Hand Weapons
 Y - a +0 shortbow (weapon)
Armour
 f - a +1 helmet (worn)
 g - a +0 ring mail (worn)
Jewellery
 a - a ring of fire
Scrolls
 c - a scroll of teleportation {unknown}
 e - 3 scrolls of identify
Potions
 b - a potion of degeneration {unknown}

Dungeon Overview and Level Annotations

Branches:
Dungeon (3/15)

Altars:
Gozag

Shops:
D:1 *


Message History

You kill the bat!
You see here a bat corpse.
c - a scroll labelled NESHRUVV VYEFUE
Found a long sword.
A ball python comes into view.
You shoot an arrow. The arrow hits the ball python!
You kill the ball python!
An endoplasm comes into view.
You shoot an arrow. The arrow hits the endoplasm!
You kill the endoplasm!
Found a scale mail.
You now have 45 gold pieces (gained 11).
Found an opulent altar of Gozag.
An iguana comes into view.
Found 9 gold pieces.
The iguana hisses angrily.
You shoot an arrow. The arrow barely misses the iguana.
You shoot an arrow. The arrow hits the iguana.
The iguana is moderately wounded.
You shoot an arrow.
The arrow hits the iguana but does no damage.
The iguana is moderately wounded.
The iguana barely misses you.
You shoot an arrow. The arrow closely misses the iguana.
The iguana bites you.
You shoot an arrow. The arrow hits the iguana.
The iguana is heavily wounded.
The iguana bites you!
You shoot an arrow. The arrow hits the iguana.
The iguana is heavily wounded.
The iguana bites you.
The iguana bites you but does no damage.
You shoot an arrow. The arrow closely misses the iguana.
The iguana bites you!
You shoot an arrow. The arrow hits the iguana.
The iguana is almost dead.
The iguana barely misses you.
You shoot an arrow. The arrow completely misses the iguana.
The iguana bites you!
You die...

#...............
#...............
#...............
##.............#
#..............
#.####.#######
#.##.....##
#.#.8...8.#
#.#......@#
#....._...l..#
###.......##..$..
#.8...8.# .#..
##.....## #
###.### #. #.


You could see an iguana.

Vanquished Creatures
  Natasha (D:2)
  A worm (D:2)
  8 bats
  6 endoplasms
  3 giant cockroaches
  2 goblins
  5 hobgoblins
  3 ball pythons
  A frilled lizard (D:2)
  7 kobolds
  5 rats
42 creatures vanquished.

Notes
Turn   | Place    | Note
-------+----------+-------------------------------------------
     0 | D:1      | qw the Gargoyle Hunter began the quest for the Orb.
     0 | D:1      | Reached XP level 1. HP: 12/12 MP: 1/1
     0 | D:1      | 0 ||| qw: Version: 0.3-a-76-g4403597
     0 | D:1      | 0 ||| qw: Game counter: 522
     0 | D:1      | 0 ||| qw: Melee chars always use a shield: true
     0 | D:1      | 0 ||| qw: God list: Okawaru
     0 | D:1      | 0 ||| qw: Allow faded altars: false
     0 | D:1      | 0 ||| qw: Do Orc after clearing Dungeon:15 true
     0 | D:1      | 0 ||| qw: Do second Lair branch before Depths: true
     0 | D:1      | 0 ||| qw: Lair rune preference: random
     0 | D:1      | 0 ||| qw: Goals: Normal
     0 | D:1      | 0 ||| PLANNING D:1-11
   384 | D:1      | Reached XP level 2. HP: 17/17 MP: 2/2
   552 | D:1      | Found Iloal's Assorted Antiques.
   560 | D:1      | 560 ||| BUYING scroll labelled LAITUT LEANOP (23 gold).
   560 | D:1      | Bought a scroll labelled LAITUT LEANOP for 23 gold pieces
   560 | D:1      | 560 ||| SHOPLISTING scroll labelled NESHRUVV VYEFUE (23
                  | gold, have 3).
   560 | D:1      | 560 ||| SHOPLISTING silvery potion (20 gold, have 3).
   560 | D:1      | 560 ||| SHOPLISTING viscous amethyst potion (20 gold, have
                  | 3).
   929 | D:1      | 929 ||| UPGRADING to +1 helmet.
   934 | D:1      | 934 ||| UPGRADING to +0 ring mail.
   944 | D:1      | 944 ||| DROPPING +0 leather armour.
   945 | D:1      | 945 ||| READING scroll labelled HISIME RIUWNUTS.
   946 | D:1      | 946 ||| READING 2 scrolls labelled LISTRO JEMMELUMA.
   947 | D:1      | 947 ||| READING scroll labelled LAITUT LEANOP.
   948 | D:1      | 948 ||| READING scroll labelled ZYTZADD IXZI.
   961 | D:1      | 961 ||| DROPPING scroll of butterflies.
  1083 | D:2      | Reached skill level 1 in Armour
  1083 | D:2      | Reached XP level 3. HP: 21/21 MP: 3/3
  1337 | D:2      | Noticed Natasha
  1341 | D:2      | Killed Natasha
  1342 | D:2      | Reached skill level 5 in Ranged Weapons
  1342 | D:2      | Reached XP level 4. HP: 26/26 MP: 4/4
  1454 | D:2      | 1454 ||| READING scroll labelled MAUXEI NU AGAO.
  1666 | D:3      | Found an opulent altar of Gozag.
  1679 | D:3      | HP: 3/27 [iguana (11)]
  1681 | D:3      | Slain by an iguana

Levels and vault maps discovered:
D:1:      onia_arrival_mini_maze_b, layout_basic, serial_shops,
          nicolae_shop_trees
D:2:      layout_rooms, st_stairs_7, uniq_natasha
D:3:      layout_rooms, grunt_gozag_statues

Skill      XL: |  1  2  3 |
---------------+----------+-----
Armour         | 1 |  1.0
Ranged Weapons | 5 |  5.3
Fighting       | |  2.4
Dodging        | |  1.5
Stealth        | |  1.1

Action                     |  1- 3 |  4- 6 || total
---------------------------+-------+-------++-------
   Fire: Shortbow          |    96 |    30 ||   126
    Use: Scroll            |     4 |     1 ||     5
 Armour: Leather armour    |    17 |       ||    17
         Ring mail         |     8 |    17 ||    25
  Dodge: Dodged            |    29 |    10 ||    39

Table legend:
 A = Non-vault XP
 B = Vault XP
 C = Vault XP percentage of total XP
 D = Non-vault monster count
 E = Vault monster count
 F = Vault count percentage of total count
                 A         B        C        D         E       F
            +---------+---------+-------+---------+---------+-------
      Total |      59 |      42 |  41.6 |      37 |       5 |  11.9
            +---------+---------+-------+---------+---------+-------
        D:1 |      23 |       2 |   8.0 |      14 |       1 |   6.7
        D:2 |      28 |      40 |  58.8 |      17 |       4 |  19.0
        D:3 |       8 |       0 |   0.0 |       6 |       0 |   0.0
            +---------+---------+-------+---------+---------+-------
